 Seeded DCSS version 0.30.1-6-gbe392663c4 (webtiles) character file.

Game seed: 15140874439476535185 (custom seed)

182 Psyclone the Chiller (level 5, -3/28 HPs)
             Began as a Deep Elf Ice Elementalist on Sept 20, 2023.
             Was an Initiate of Gozag.
             Slain by Grinder (6 damage)
             ... while paralysed by Grinder
             ... on level 3 of the Dungeon.
             The game lasted 00:07:49 (3100 turns).

Psyclone the Chiller (Deep Elf Ice Elementalist)    Turns: 3100, Time: 00:07:50

Health: -3/28      AC: 11    Str:  5    XL:     5   Next: 35%
Magic:  1/11       EV:  2    Int: 22    God:    Gozag
Gold:   402        SH:  0    Dex: 15    Spells: 3/10 levels left

rFire   x . .        g - +0 rapier
rCold   + . .        (no shield)
rNeg    . . .        a - +0 robe
rPois   .            (no helmet)
rElec   .            (no cloak)
rCorr   .            (no gloves)
SInv    .            (no boots)
Will    .....        (no amulet)
Stlth   ++           q - ring of ice
HPRegen 0.24/turn    (no ring)
MPRegen 0.12/turn

%: no passive effects
@: paralysed, ice-armoured, freezing walls
A: no striking features
a: Renounce Religion, Potion Petition, Call Merchant, Bribe Branch


You were on level 3 of the Dungeon.
You worshipped Gozag.
Gozag was aware of your devotion.
You visited 1 branch of the dungeon, and saw 3 of its levels.

You collected 426 gold pieces.
You paid 24 gold pieces to Gozag.

Inventory:

Hand Weapons
 g - a +0 rapier (weapon)
Armour
 a - a +0 robe (worn)
Jewellery
 q - a ring of ice (left hand)
Wands
 s - a wand of roots (9)
Scrolls
 c - 2 scrolls of teleportation {unknown}
 d - 3 scrolls of fog {unknown}
 i - 3 scrolls of fear {unknown}
 l - a scroll of identify {unknown}
 m - a scroll of vulnerability {unknown}
 o - a scroll of noise {unknown}
 t - a scroll of poison {unknown}
Potions
 b - 4 potions of magic
 e - a potion of ambrosia {unknown}
 f - 3 potions of curing {unknown}
 h - 2 potions of resistance {unknown}
 j - a potion of haste {unknown}
 k - a potion of mutation {unknown}
 n - 2 potions of heal wounds {unknown}
 p - a potion of degeneration {unknown}
 r - a potion of invisibility {unknown}


   Skills:
 - Level 2.4 Dodging
 - Level 2.4 Stealth
 - Level 3.0 Spellcasting
 + Level 7.3 Ice Magic


You had 3 spell levels left.
You knew the following spells:

 Your Spells              Type           Power      Damage    Failure   Level
a - Freeze                Ice            100%       1d10      1%          1
b - Frozen Ramparts       Ice            100%       1d16      1%          3
c - Ozocubu's Armour      Ice            52%        N/A       1%          3

Your spell library contained the following spells:

 Spells                   Type           Power      Damage    Failure   Level
 Sandblast                Erth           6%         2d5       12%         1
 Passwall                 Tmut/Erth      2%         N/A       19%         2
 Sublimation of Blood     Necr           3%         N/A       19%         2
 Wereblood                Tmut           3%         N/A       19%         2
 Stone Arrow              Conj/Erth      6%         3d7       36%         3
 Summon Ice Beast         Ice/Summ       29%        N/A       26%         4
 Summon Hydra             Summ           1%         N/A       100%        7


Dungeon Overview and Level Annotations

Branches:
Dungeon (3/15) Zot: 14851

Altars:
Gozag

Shops:
D:3 (?==

Annotations:
D:3 Grinder


Message History

You take 10 damage, and have 18/28 hp.
MASSIVE DAMAGE!!
You now have 0/11 mp.
Casting: Ozocubu's Armour (safe; 1% risk of failure)
Confirm with . or Enter, or press ? or * to list all spells.
You don't have enough magic to cast this spell.
Unknown command.
You hit Grinder but do no damage.
Grinder is lightly wounded.
Grinder completely resists.
The wall freezes Grinder but does no damage.
Grinder misses you.
You hit Grinder.
Grinder is lightly wounded.
Grinder completely resists.
The wall freezes Grinder but does no damage.
Grinder hits you!
You writhe in agony.
* * * LOW HITPOINT WARNING * * *
You take 11 damage, and have 7/28 hp.
MASSIVE DAMAGE!!
You puncture Grinder!
Grinder is moderately wounded.
Grinder resists.
The wall freezes Grinder.
Grinder gestures at you.
You suddenly lose the ability to move!
Grinder resists.
The wall freezes Grinder.
Grinder gestures at you. You resist with significant effort.
Grinder completely resists.
The wall freezes Grinder but does no damage.
Grinder hits you but does no damage.
Grinder completely resists.
The wall freezes Grinder but does no damage.
Grinder hits you but does no damage.
Grinder resists.
The wall freezes Grinder.
Grinder hits you.
* * * LOW HITPOINT WARNING * * *
You writhe in agony.
* * * LOW HITPOINT WARNING * * *
Grinder completely resists.
The wall freezes Grinder but does no damage.
Grinder hits you.
You die...
Your body crumbles into a pile of gold.

.##.#...........##....########
###...........#.##..5.######
##....#.#.....#.............
....###.#.....#........#....
..............#...##∩### ....
...........###....#### ...
.......###.....$..### ###....
......#####..##5##..##$.!...5
..#<............@$.....#
..#.............##...##......
..#....########.##...##.#....
.>....#######...........# ...
..................######.....
..##..#####............. K.
..##...##..<######.#####
..###..##...# ..# ..#
#.....### #...


You could see Grinder.

Vanquished Creatures
  An ogre (D:3)
  2 adders
  A worm (D:2)
  6 dart slugs
  3 ball pythons
  3 bats
  10 endoplasms
  4 goblins
  7 hobgoblins
  A jackal (D:3)
  6 kobolds
  4 quokkas
  2 frilled lizards
  11 rats
61 creatures vanquished.

Notes
Turn   | Place    | Note
-------+----------+-------------------------------------------
     0 | D:1      | Psyclone the Deep Elf Ice Elementalist began the quest for
                  | the Orb.
     0 | D:1      | Reached XP level 1. HP: 10/10 MP: 6/6
   291 | D:1      | Reached XP level 2. HP: 14/15 MP: 4/8
   390 | D:2      | Reached skill level 5 in Ice Magic
   391 | D:2      | Found an opulent altar of Gozag.
   395 | D:2      | Found a faded altar of an unknown god.
   493 | D:2      | Became a worshipper of Gozag Ym Sagoz the Greedy
   729 | D:1      | Reached XP level 3. HP: 19/19 MP: 5/9
  1169 | D:2      | Learned a level 3 spell: Frozen Ramparts
  1173 | D:2      | Learned a level 3 spell: Ozocubu's Armour
  2194 | D:2      | Reached skill level 6 in Ice Magic
  2492 | D:2      | Reached XP level 4. HP: 17/24 MP: 5/10
  2572 | D:3      | Found Zyskustre's Antique Weapon Shop.
  2590 | D:3      | Noticed an ogre
  2604 | D:3      | Killed an ogre
  2605 | D:3      | Reached skill level 7 in Ice Magic
  2605 | D:3      | Reached XP level 5. HP: 20/28 MP: 1/11
  2736 | D:3      | Found Elailiep's Magic Scroll Shop.
  2810 | D:3      | Found Janib's Jewellery Shop.
  2816 | D:3      | Found Kuar's Jewellery Boutique.
  3053 | D:3      | Noticed Grinder
  3085 | D:3      | Paralysed by Grinder for 2 turns
  3096 | D:3      | Paralysed by Grinder for 5 turns
  3100 | D:3      | Slain by Grinder

Illustrated notes

Levels and vault maps discovered:
D:1:      lightli_arrival_isolated_outpost, layout_basic
D:2:      minmay_alternating_diamond, layout_basic, basic_altar,
          basic_ecumenical_altar, serial_forest, infiniplex_forest_end_2,
          infiniplex_forest_clump_curved, infiniplex_forest_lined_2,
          infiniplex_forest_pool, infiniplex_forest_lined_3,
          infiniplex_forest_clump_curved
D:3:      layout_rooms, led_sif_pool, serial_shops,
          nicolae_shop_window_shopping, shop, shop,
          nicolae_shop_just_a_little_nook, nicolae_shop_real_fake_doors,
          minmay_misc_feat_x, st_stairs_9, uniq_grinder

Skill      XL: |  1  2  3  4 |
---------------+-------------+-----
Ice Magic      | 5 6 7 |  7.3
Dodging        | |  2.4
Stealth        | |  2.4
Spellcasting   | |  3.0

Action                     |  1- 3 |  4- 6 || total
---------------------------+-------+-------++-------
  Melee: Rapier            |    16 |     4 ||    20
         Unarmed           |     1 |       ||     1
   Cast: Freeze            |    60 |     5 ||    65
         Frozen Ramparts   |     5 |    10 ||    15
         Ozocubu's Armour  |       |     2 ||     2
   Stab: Sleeping          |     1 |     1 ||     2
 Armour: Robe              |     5 |     2 ||     7
  Dodge: Dodged            |    39 |     4 ||    43
